 Dungeon Crawl Stone Soup version 0.29-a0-43-g62a80824bf (webtiles) character file.

Game seed: 5904350567169224771

111 dmks the Digger (level 4, 0/33 HPs)
             Began as a Draconian Earth Elementalist on Feb 3, 2022.
             Was an Initiate of Gozag.
             Slain by Grinder (3 damage)
             ... on level 4 of the Dungeon.
             The game lasted 00:09:51 (2806 turns).

dmks the Digger (Draconian Earth Elementalist)      Turns: 2806, Time: 00:09:51

Health: 0/33       AC:  5    Str: 10    XL:     4   Next: 62%
Magic:  2/8        EV: 12    Int: 17    God:    Gozag
Gold:   364        SH:  0    Dex: 18    Spells: 2/8 levels left

rFire   . . .      SeeInvis .   e - +0 short sword
rCold   . . .      Faith    .   (no shield)
rNeg    . . .      Spirit   .   (armour unavailable)
rPois   .          Reflect  .   (helmet restricted)
rElec   .          Harm     .   (no cloak)
rCorr   .          Rampage  .   (no gloves)
Will    .....                   (no boots)
Stlth   ++........              (no amulet)
HPRegen 0.11/turn               h - +6 ring of dexterity
MPRegen 0.11/turn               (no ring)

@: no status effects
A: AC +5, unfitting armour, cold-blooded
a: Renounce Religion, Potion Petition, Call Merchant, Bribe Branch


You were on level 4 of the Dungeon.
You worshipped Gozag.
Gozag was aware of your devotion.
You visited 1 branch of the dungeon, and saw 4 of its levels.

You collected 364 gold pieces.

Inventory:

Hand Weapons
 d - a +0 dagger
   (You took it off a kobold on level 1 of the Dungeon)
 e - a +0 short sword (weapon)
   (You took it off a kobold on level 1 of the Dungeon)
Missiles
 b - 61 stones
 l - 4 silver boomerangs
Jewellery
 h - a +6 ring of dexterity (left hand)
   (You found it on level 2 of the Dungeon)
Scrolls
 a - 3 scrolls of identify {unknown}
 f - a scroll of noise {unknown}
 g - a scroll of summoning {unknown}
 i - a scroll of holy word {unknown}
 j - 5 scrolls of teleportation {unknown}
 k - 2 scrolls of enchant armour {unknown}
Potions
 c - a potion of curing {@q1}
 m - a potion of lignification {unknown}


   Skills:
 + Level 2.2 Dodging
 + Level 2.2 Stealth
 * Level 2.7 Spellcasting
 * Level 2.5 Transmutations
 * Level 3.7 Earth Magic


You had 2 spell levels left.
You knew the following spells:

 Your Spells              Type           Power      Damage    Failure   Level
a - Sandblast             Erth           30%        2d9       3%          1
q - Passwall              Tmut/Erth      10%        N/A       8%          2
x - Stone Arrow           Conj/Erth      16%        3d8       26%         3

Your spell library contained the following spells:

 Spells                   Type           Power      Damage    Failure   Level
 Static Discharge         Conj/Air       2%         N/A       26%         2
 Ignite Poison            Fire/Tmut/Pois 5%         N/A       36%         3
 Petrify                  Tmut/Erth      12%        N/A       45%         4
 Conjure Flame            Conj/Fire      2%         6-21      47%         3
 Dispel Undead            Necr           2%         3d7       87%         4
 Sticky Flame             Conj/Fire      2%         2d3       87%         4


Dungeon Overview and Level Annotations

Branches:
Dungeon (4/15)
 Temple: D:4-7

Altars:
Gozag

Annotations:
D:4 Grinder, Menkaure


Innate Abilities, Weirdness & Mutations

Your plain brown scales are hard. (AC +5)
You cannot fit into any form of body armour.
You are cold-blooded and may be slowed by cold attacks.


Message History

Okay, then.
Okay, then.
Grinder comes into view.
An orc comes into view. It is wielding a +0 trident.
An orc warrior and an orc come into view.
The orc moves out of view.
Grinder shouts!
Grinder gestures at you. You resist with significant effort.
Grinder gestures at you. Pain shoots through your body!
Grinder gestures at you.
You suddenly lose the ability to move!
Grinder gestures at you. Pain shoots through your body!
* * * LOW HITPOINT WARNING * * *
The orc hits you but does no damage. Grinder gestures at you.
You shrug off the repeated paralysis!
The orc hits you from afar with a +0 trident!
* * * LOW HITPOINT WARNING * * *
You can move again.
It was a potion of curing.
You feel better. Grinder hits you but does no damage.
The orc closely misses you.
Please select a wall.
Okay, then.
Aim: Grinder (77% to hit)
The blast of sand hits Grinder!
Grinder barely misses you. The orc hits you but does no damage.
Aim: Grinder (moderately wounded, 77% to hit)
The blast of sand hits Grinder.
Grinder closely misses you.
The orc hits you from afar with a +0 trident.
* * * LOW HITPOINT WARNING * * *
Aim: Grinder (moderately wounded, 77% to hit)
The blast of sand hits Grinder but does no damage.
Grinder hits you.
* * * LOW HITPOINT WARNING * * *
The orc barely misses you.
Aim: Grinder (moderately wounded, 77% to hit)
The blast of sand hits Grinder.
Grinder grins, showing sharp teeth.
Grinder hits you but does no damage. The orc barely misses you.
A rock wall.
This rock feels extremely deep.
Grinder says, "You look like you could use a good racking."
Grinder hits you!
* * * LOW HITPOINT WARNING * * *
You writhe in agony.
You die...
Your body crumbles into a pile of gold.

#........)..#
###########.)#####.
#.########### #..#
#. #.# #..# #. #.#
#..# #. #.#
##########..#####.
..#
#.................
###
#o########$.#####.
#### #5# #..# #.
.).# #@# #5.# #.
##.# #.# ...# #o
#.# ##.## #. #..
#.# #. #.. #.# ##.
#... #..####.. ....
......... #...#
#.####.# . #.#


You could see Grinder and an orc.

Vanquished Creatures
  A jelly (D:4)
  A gnoll (D:1)
  2 adders
  2 worms (D:4)
  2 dart slugs (D:1)
  An orc (D:3)
  2 endoplasms
  A giant cockroach (D:3)
  A goblin (D:2)
  5 hobgoblins
  4 kobolds
  4 quokkas
  7 ball pythons
  8 bats
  2 frilled lizards (D:3)
  2 rats (D:3)
45 creatures vanquished.

Notes
Turn   | Place    | Note
-------+----------+-------------------------------------------
     0 | D:1      | dmks the Draconian Earth Elementalist began the quest for
                  | the Orb.
     0 | D:1      | Reached XP level 1. HP: 14/14 MP: 3/3
    55 | D:1      | Reached XP level 2. HP: 20/20 MP: 0/5
   607 | D:1      | Found a faded altar of an unknown god.
   780 | D:1      | Prayed at the altar of an unknown god.
   780 | D:1      | Became a worshipper of Gozag Ym Sagoz the Greedy
  1133 | D:2      | Reached XP level 3. HP: 26/26 MP: 6/6
  1798 | D:3      | Learned a level 2 spell: Passwall
  1802 | D:3      | Learned a level 3 spell: Stone Arrow
  2397 | D:4      | Reached XP level 4. HP: 25/33 MP: 2/7
  2598 | D:4      | Noticed Menkaure
  2729 | D:4      | Noticed Grinder
  2759 | D:4      | Noticed an orc warrior
  2792 | D:4      | Paralysed by Grinder for 7 turns
  2806 | D:4      | Slain by Grinder

Illustrated notes

Levels and vault maps discovered:
D:1:      ebering_trefoil_twist, layout_basic,
          hellmonk_ecumenical_altar_heavens_door, minmay_misc_feat_room,
          kennysheep_crisscross
D:2:      layout_loops_ring
D:3:      layout_rooms, grunt_decor_clamped
D:4:      layout_loops_ring, uniq_menkaure, uniq_sigmund, uniq_grinder

Skill      XL: |  1  2  3 |
---------------+----------+-----
Dodging        | 2 |  2.2
Stealth        | 2 |  2.2
Transmutations | 2 |  2.5
Spellcasting   | |  2.7
Earth Magic    | |  3.7

Action                   |  1- 3 |  4- 6 || total
-------------------------+-------+-------++-------
Melee: Unarmed           |    13 |       ||    13
       Short sword       |    16 |       ||    16
       Tailslap          |     2 |       ||     2
 Cast: Sandblast         |    43 |    10 ||    53
       Passwall          |       |     1 ||     1
  Use: Potion            |       |     1 ||     1
 Stab: Sleeping          |     1 |       ||     1
Armor: Skin              |    12 |     4 ||    16
Dodge: Dodged            |    22 |     5 ||    27

Table legend: (Time is in decaauts)
 A = Elapsed time spent in this place.
 B = Non-inter-level travel time spent in this place.
 C = Inter-level travel time spent in this place.
 D = Time resting spent in this place.
 E = Time spent auto-exploring this place.
 F = Levels seen in this place.
 G = Mean time per level.
                   A        B        C        D        E       F      G
               +--------+--------+--------+--------+--------+-----+--------+
         Total |   2806 |   2742 |     64 |     44 |   2047 |   4 |  701.5 |
       Dungeon |   2806 |   2742 |     64 |     44 |   2047 |   4 |  701.5 |
               +--------+--------+--------+--------+--------+-----+--------+

Top non-repeatable levels by time:
     D:1: 902 daAuts
     D:2: 878 daAuts
     D:3: 603 daAuts
     D:4: 423 daAuts
